Map: Odyssey LE

Players

Zanster - Winner!

  • Race: Zerg Zerg
  • Spawn Location: 5:00

WeRiano

  • Race: Protoss Protoss
  • Spawn Location: 11:00

Event: WCS Jonkoping 2017

VOD

Have the link to the VOD?

Description

Time

  • Played on: June 17, 2017, 9:48 a.m.
  • Length: 9:12

All games in this series

Show
View Real Time Build Order
Export as new Build Order

Zanster Zerg - Winner!

Build Orders: Hatch First 

Get SALT Encoding   

  12  0:01  Drone  
  13  0:13  Overlord  
  13  0:17  Drone  
  14  0:31  Drone  
  14  0:32  Drone  
  17  0:35  Drone  
  17  0:53  Hatchery  
  17  0:54  Drone  
  17  0:58  Drone  
  18  1:08  Extractor  
  17  1:13  Spawning Pool  
  17  1:16  Drone  
  17  1:19  Drone  
  18  1:29  Drone  
  19  1:40  Drone  
  20  1:50  Overlord  
  20  2:00  Queen  
  22  2:05  Queen  
  22  2:06  Zergling x4  
  22  2:08  Metabolic Boost  
  26  2:11  Drone  
  27  2:17  Drone  
  27  2:22  Drone  
  29  2:27  Drone  
  30  2:37  Zergling x2  
  30  2:42  Overlord  
  31  2:46  Queen  
  31  2:47  Drone  
  34  2:54  Drone  
  34  2:55  Drone  
  36  3:07  Drone x2  
  36  3:12  Hatchery  
  37  3:14  Spore Crawler  
  37  3:15  Drone x4  
  37  3:18  Drone x2  
  37  3:19  Drone  
  43  3:22  Drone  
  41  3:29  Drone  
  41  3:36  Overlord  
  41  3:37  Drone  
  42  3:50  Drone  
  42  3:51  Drone  
  42  3:53  Overlord  
  44  3:55  Drone  
  44  3:56  Drone  
  44  3:57  Spore Crawler, Drone x2  
  44  3:58  Drone  
  44  4:01  Extractor  
  46  4:03  Drone  
  46  4:06  Drone  
  48  4:11  Queen  
  48  4:13  Overlord  
  50  4:21  Drone  
  50  4:22  Evolution Chamber, Drone x4  
  54  4:24  Baneling Nest  
  54  4:26  Drone x4  
  56  4:39  Overlord  
  56  4:44  Zergling x6  
  59  4:46  Spore Crawler  
  59  4:48  Zergling x4  
  59  4:52  Overlord  
  60  4:53  Lair  
  60  4:55  Zerg Melee Weapons Level 1  
  60  4:56  Extractor  
  60  4:57  Extractor, Zergling x8  
  60  4:58  Zergling x2  
  63  5:00  Zergling x2  
  63  5:01  Zergling x2  
  63  5:04  Overlord  
  65  5:10  Overlord  
  65  5:12  Drone  
  65  5:13  Drone x3  
  69  5:17  Drone  
  69  5:20  Pneumatized Carapace  
  69  5:23  Overlord  
  69  5:30  Drone  
  69  5:31  Drone x5  
  69  5:34  Overlord  
  76  5:35  Drone  
  76  5:36  Zergling x2  
  76  5:42  Drone  
  75  5:43  Drone x4  
  79  5:55  Drone x2  
  81  5:58  Overlord  
  81  5:59  Zergling x6  
  81  6:02  Hatchery  
  83  6:05  Overseer  
  83  6:07  Centrifical Hooks  
  83  6:09  Hydralisk Den, Overlord  
  83  6:10  Extractor, Drone  
  82  6:13  Zergling x2  
  82  6:14  Zergling x6  
  82  6:16  Zergling x4  
  88  6:20  Overlord  
  88  6:27  Drone x2  
  88  6:30  Overlord  
  90  6:41  Overlord  
  90  6:43  Muscular Augments  
  90  6:45  Hydralisk x6  
  102  6:48  Hydralisk x2  
  102  6:50  Hydralisk  
  108  6:56  Hydralisk x2  
  108  6:58  Overlord  
  112  7:02  Hydralisk x2  
  112  7:07  Hydralisk x2  
  120  7:10  Overlord  
  120  7:14  Overseer, Hydralisk  
  120  7:15  Hydralisk  
  124  7:19  Zergling x8  
  128  7:25  Zergling x4  
  128  7:28  Overlord  
  131  7:30  Zergling x6  
  131  7:32  Baneling x2  
  131  7:33  Baneling x3  
  131  7:34  Zergling x2  
  134  7:39  Baneling x3  
  134  7:41  Zergling x2  
  134  7:42  Zergling x10  
  140  7:44  Baneling  
  140  7:45  Baneling x2  
  140  7:46  Baneling  
  140  7:53  Zergling x14  
  140  7:57  Baneling x6  
  146  8:00  Overlord  
  146  8:04  Zergling x2  
  146  8:05  Zergling x4  
  145  8:15  Overlord  
  145  8:16  Baneling  
  145  8:17  Baneling x6  
  140  8:23  Hydralisk  
  140  8:24  Zergling x22  
  141  8:34  Zergling x4  
  141  8:40  Zergling x6  
  142  8:44  Zergling x4  
  142  8:45  Zergling x4  
  140  8:49  Zergling x2  
  140  8:50  Zergling x10  
  140  8:51  Zergling x4  
  146  8:56  Baneling  
  146  8:57  Baneling x4  
Show
View Real Time Build Order
Export as new Build Order

WeRiano Protoss 

Build Orders: 1 Gate Expand, Oracle Opening, Zealot Archon 

Get SALT Encoding   

  12  0:00  Probe (Chrono Boost)  
  13  0:11  Probe (Chrono Boost)  
  14  0:18  Pylon  
  14  0:22  Probe (Chrono Boost)  
  15  0:36  Probe (Chrono Boost)  
  15  0:37  Gateway  
  16  0:47  Probe (Chrono Boost)  
  16  0:48  Assimilator  
  17  0:57  Probe (Chrono Boost)  
  18  1:08  Probe (Chrono Boost)  
  20  1:18  Probe (Chrono Boost)  
  20  1:25  Nexus  
  20  1:36  Cybernetics Core  
  20  1:39  Probe (Chrono Boost)  
  21  1:43  Assimilator  
  21  1:49  Probe (Chrono Boost)  
  22  1:59  Pylon  
  22  2:00  Probe (Chrono Boost)  
  23  2:13  Warp Gate  
  23  2:17  Probe  
  23  2:18  Adept (Chrono Boost)  
  26  2:29  Probe  
  27  2:36  Stargate  
  27  2:40  Probe  
  27  2:41  Pylon, Adept (Chrono Boost)  
  27  2:43  Probe  
  31  2:55  Probe (Chrono Boost)  
  32  2:59  Gateway  
  32  3:01  Probe (Chrono Boost)  
  33  3:07  Probe (Chrono Boost)  
  33  3:08  Adept  
  36  3:14  Probe (Chrono Boost)  
  36  3:18  Probe (Chrono Boost)  
  37  3:22  Oracle (Chrono Boost)  
  40  3:28  Probe  
  40  3:30  Probe  
  40  3:36  Gateway x2  
  40  3:39  Probe  
  41  3:42  Probe  
  41  3:45  Pylon  
  42  3:49  Probe  
  42  3:54  Probe  
  43  3:59  Mothership Core  
  45  4:03  Pylon  
  45  4:06  Probe  
  45  4:08  Void Ray (Chrono Boost)  
  50  4:18  Probe  
  50  4:19  Probe  
  52  4:31  Adept  
  52  4:35  Probe  
  52  4:36  Probe  
  56  4:40  Adept x2  
  60  4:45  Probe  
  60  4:48  Probe  
  60  4:50  Nexus  
  62  4:53  Pylon  
  62  4:54  Assimilator  
  62  4:56  Pylon, Assimilator  
  62  5:09  Probe  
  62  5:11  Probe  
  62  5:13  Forge  
  64  5:14  Twilight Council  
  64  5:17  Robotics Facility  
  64  5:20  Pylon, Probe  
  64  5:23  Probe  
  64  5:27  Sentry  
  68  5:29  Adept  
  68  5:30  Adept  
  68  5:31  Probe  
  72  5:35  Probe  
  72  5:46  Protoss Ground Weapons Level 1  
  72  5:49  Probe  
  72  5:50  Charge (Chrono Boost), Probe  
  72  5:54  Gateway x2  
  74  5:57  Gateway  
  74  6:01  Probe  
  74  6:03  Probe  
  76  6:05  Templar Archives  
  76  6:10  Probe  
  77  6:13  Probe  
  77  6:15  Probe  
  83  6:19  Immortal (Chrono Boost)  
  83  6:22  Probe  
  85  6:25  Probe  
  85  6:27  Probe  
  85  6:28  Assimilator  
  85  6:31  Assimilator  
  86  6:33  Gateway  
  86  6:34  Gateway  
  86  6:38  Gateway  
  86  6:42  Probe x3  
  89  6:55  Probe x3  
  89  6:59  Oracle  
  95  7:02  Warp Prism (Chrono Boost)  
  95  7:07  Robotics Facility  
  97  7:13  Psionic Storm  
  97  7:16  Pylon x2  
  97  7:17  Pylon  
  97  7:21  Gateway  
  97  7:27  Sentry x2  
  97  7:29  Probe x2  
  100  7:30  Immortal  
  100  7:36  Pylon  
  104  7:41  High Templar x3  
  104  7:42  High Templar  
  104  7:43  Zealot x3  
  118  7:45  Archon  
  118  7:46  Archon  
  118  7:51  Zealot x2  
  120  8:04  Immortal  
  120  8:07  Zealot  
  120  8:08  Zealot, Immortal  
  126  8:15  Zealot x4  
  114  8:29  Zealot  
  114  8:30  Zealot x3  
  114  8:36  Zealot  
  114  8:37  Zealot x3  
  94  8:50  High Templar x3  
  94  8:51  Zealot x2  
  94  8:55  Archon  
  89  8:57  Zealot, High Templar  
  82  9:03  Archon  
Tags
 
Add a new tag
Caveats
  • Supply blocks, unpowered buildings, or Contaminate may cause inaccurate times.
  • Supply counts are checked every 10 seconds.